 Dungeon Crawl Stone Soup version 0.25-a0-632-g7713895373 (webtiles) character file.

Game seed: 6120500797899301320, levelgen mode: deterministic

102 kae the Insei (level 4, -9/37 HPs)
             Began as a Demonspawn Monk on Mar 19, 2020.
             Killed by divine providence
             ... invoked by an orc priest
              (11 damage)
             ... on level 2 of the Dungeon.
             The game lasted 00:04:34 (2785 turns).

kae the Insei (Demonspawn Monk)                     Turns: 2785, Time: 00:04:35

Health: -9/37      AC:  4    Str: 12    XL:     4   Next: 50%
Magic:  4/4        EV: 13    Int: 11    God:
Gold:   80         SH:  0    Dex: 16    Spells: 3/3 levels left

rFire    . . .     SeeInvis +     - Unarmed
rCold    . . .     Gourm    .   (no shield)
rNeg     . . .     Faith    .   a - +0 robe
rPois    .         Spirit   .   (helmet restricted)
rElec    .         Reflect  .   (no cloak)
rCorr    .         Harm     .   n - +1 pair of gloves
MR       .....                  (no boots)
Stlth    ++........             (no amulet)
HPRegen  0.12/turn              k - ring of see invisible
MPRegen  0.09/turn              (no ring)

@: no status effects
A: antennae 1, powered by pain 2
a: no special abilities


You were on level 2 of the Dungeon.
You were very hungry.

You visited 1 branch of the dungeon, and saw 3 of its levels.

You collected 80 gold pieces.

Inventory:

Armour
 a - a +0 robe (worn)
 n - a +1 pair of gloves (worn)
Jewellery
 k - a ring of see invisible (left hand)
Wands
 j - a wand of disintegration (8)
Scrolls
 d - 2 scrolls of teleportation
 h - 2 scrolls of remove curse
 m - 2 scrolls of identify
Potions
 c - a potion of mutation
 e - a potion of haste {unknown}
 f - 2 potions of heal wounds
 g - a potion of cancellation {unknown}
 i - 2 potions of curing {unknown}
 l - a potion of lignification {unknown}
Comestibles
 b - 6 rations


   Skills:
 + Level 3.8 Fighting
 - Level 2.6 Dodging
 - Level 1.7 Stealth
 * Level 4.3 Unarmed Combat


You had 3 spell levels left.
You didn't know any spells.
Your spell library was empty.

Dungeon Overview and Level Annotations

Branches:
Dungeon (3/15)

Altars:
Ashenzari
Fedhas
Kikubaaqudgha
Okawaru


Innate Abilities, Weirdness & Mutations

You have a pair of small antennae on your head.
You sometimes gain power by taking damage.


Message History

You hit the orc priest but do no damage.
The orc priest mumbles some strange prayers to Beogh against you.
Beogh smites you!
You barely miss the orc priest.
The orc priest miscasts a cantrip.
You hit the orc priest.
The orc priest is moderately wounded.
The orc priest calls down the wrath of Beogh upon you.
Pain shoots through your body!
* * * LOW HITPOINT WARNING * * *
You closely miss the orc priest.
The orc priest is moderately wounded.
The orc priest invokes the aid of Beogh against you.
Pain shoots through your body!
* * * LOW HITPOINT WARNING * * *
You hit the orc priest.
The orc priest is moderately wounded.
The orc priest calls down the wrath of Beogh upon you.
Beogh smites you!
You die...

..#<#.#........#.#.#.#.#.#
....#..........#.#.#.#.#.#
.##.#.##...##....#.#<....#
.###..#.....#..#.#.#.#.#.#
.......)._.......#.#.#.###
.##...#.....#....#.#.....#
.+....##...##....#.###.#.#
.##..............#.###.#.#
.######.....#..o@......#.#
.# ####.............#.# .#
#.##.........##.# .#
#.##.........##.# ##
#.##.........##.#
#.##.........##.#
#.##............#
#.#######.###.### #.# #.#
#.#


You could see an orc priest.

Vanquished Creatures
  An adder (D:2)
  4 dart slugs
  8 orcs (D:3)
  5 giant cockroaches
  12 goblins
  8 hobgoblins
  4 jackals (D:1)
  6 kobolds
  A quokka (D:2)
  2 ball pythons (D:1)
  11 bats
  3 frilled lizards
  7 rats
72 creatures vanquished.

Notes
Turn   | Place    | Note
-------+----------+-------------------------------------------
     0 | D:1      | kae the Demonspawn Monk began the quest for the Orb.
     0 | D:1      | Reached XP level 1. HP: 18/18 MP: 1/1
    95 | D:1      | Reached skill level 3 in Unarmed Combat
   106 | D:1      | Gained mutation: You sometimes gain a little power by
                  | taking damage. [demonic ancestry]
   106 | D:1      | Reached XP level 2. HP: 14/24 MP: 2/2
   491 | D:1      | Gained mutation: You sometimes gain power by taking damage.
                  | [demonic ancestry]
   491 | D:1      | Reached XP level 3. HP: 24/29 MP: 3/3
  1353 | D:2      | Found an iron altar of Okawaru.
  1559 | D:2      | Reached skill level 4 in Unarmed Combat
  1559 | D:2      | Gained mutation: You have a pair of small antennae on your
                  | head. [demonic ancestry]
  1559 | D:2      | Reached XP level 4. HP: 29/37 MP: 4/4
  1626 | D:2      | Found a blossoming altar of Fedhas.
  1628 | D:2      | Found an ancient bone altar of Kikubaaqudgha.
  2173 | D:3      | Found a shattered altar of Ashenzari.
  2785 | D:2      | Killed from afar by an orc priest

Levels and vault maps discovered:
D:1:      denvon_arrival_hothouse, layout_basic, minmay_worlds_worst_comb
D:2:      layout_basic, grunt_temple_overflow_growth_and_decay,
          okawaru_gym_becter
D:3:      layout_loops_ring, cheibrodos_ashenzari_chains

Skill      XL: |  1  2  3 |
---------------+----------+-----
Unarmed Combat | 3 4 |  4.3
Fighting       | |  3.8
Dodging        | |  2.6
Stealth        | |  1.7

Action                   |  1- 3 |  4- 6 || total
-------------------------+-------+-------++-------
Melee: Unarmed           |   162 |    81 ||   243
       Punch             |       |     2 ||     2
  Use: Scroll            |     4 |     1 ||     5
 Stab: Sleeping          |     5 |       ||     5
  Eat: Chunk             |     2 |     3 ||     5
Armor: Robe              |    39 |    16 ||    55
Dodge: Dodged            |   121 |    40 ||   161

Table legend:
 A = Non-vault XP
 B = Vault XP
 C = Vault XP percentage of total XP
 D = Non-vault monster count
 E = Vault monster count
 F = Vault count percentage of total count
                 A         B        C        D         E       F
            +---------+---------+-------+---------+---------+-------
      Total |     145 |       2 |   1.4 |      71 |       1 |   1.4
            +---------+---------+-------+---------+---------+-------
        D:1 |      64 |       2 |   3.0 |      35 |       1 |   2.8
        D:2 |      49 |       0 |   0.0 |      23 |       0 |   0.0
        D:3 |      32 |       0 |   0.0 |      13 |       0 |   0.0
            +---------+---------+-------+---------+---------+-------
